 Dungeon Crawl Stone Soup version 0.30-a0-860-g512cf1e979 (webtiles) character file.

Game seed: 2885684520809772669

21735 ytrimaz the Warrior (level 13, -11/116 HPs)
             Began as a Formicid Gladiator on Mar 7, 2023.
             Was an Initiate of Yredelemnul.
             Shot with a bolt by an orc knight (16 damage)
             ... on level 2 of the Orcish Mines.
             The game lasted 00:23:50 (14697 turns).

ytrimaz the Warrior (Formicid Gladiator)           Turns: 14697, Time: 00:23:51

Health: -11/116    AC: 18    Str: 36    XL:     13   Next: 22%
Magic:  13/13      EV: 11    Int:  8    God:    Yredelemnul [......]
Gold:   1775       SH:  0    Dex: 15    Spells: 12/12 levels left

rFire   + + .      SeeInvis +    b - +2 morningstar (protect)
rCold   + . .      Faith    .    (no shield)
rNeg    . . .      Spirit   .    w - +1 chain mail {rF+}
rPois   +          Reflect  .    (helmet unavailable)
rElec   +          Rampage  .    q - scarf {rC+ rF+}
rCorr   .                        P - +2 pair of gloves of Context {rElec rPois}
Will    +....                    (no boots) Stlth
                                 B - amulet of the acrobat
HPRegen 0.39/turn                n - +6 ring of strength
MPRegen 0.13/turn                r - +6 ring of strength

@: no status effects
A: permanent stasis, dig shafts and tunnels, antennae 3, four strong arms
a: Dig, Shaft Self, Renounce Religion, Recall Undead Harvest


You were on level 2 of the Orcish Mines.
You worshipped Yredelemnul.
Yredelemnul was noncommittal.
You visited 3 branches of the dungeon, and saw 14 of its levels.

You collected 2103 gold pieces.
You spent 328 gold pieces at shops.


Innate Abilities, Weirdness & Mutations

You cannot be hasted, slowed, berserked, paralysed or teleported.
You can dig through walls and to a lower floor.
You have a pair of large antennae on your head. (SInv)
Your four strong arms can wield two-handed weapons with a shield.


   Skills:
 + Level 15.3 Fighting
 - Level 8.1 Maces & Flails
 - Level 2.0 Throwing
 + Level 15.1 Armour
 - Level 2.6 Dodging


You had 12 spell levels left.
You didn't know any spells.
Your spell library contained the following spells:

 Spells                   Type           Power      Damage    Failure   Level
 Apportation              Tloc           0%         N/A       75%         1
 Magic Dart               Conj           0%         1d3       75%         1
 Call Imp                 Summ           0%         N/A       87%         2
 Ensorcelled Hibernation  Hex/Ice        0%         N/A       87%         2
 Passwall                 Tmut/Erth      0%         N/A       87%         2
 Mephitic Cloud           Conj/Pois/Air  0%         N/A       98%         3
 Spider Form              Tmut/Pois      0%         N/A       98%         3
 Stone Arrow              Conj/Erth      0%         3d7       98%         3
 Anguish                  Hex/Necr       0%         N/A       100%        4
 Animate Armour           Summ/Erth      0%         N/A       100%        4
 Alistair's Intoxication  Tmut/Pois      0%         N/A       100%        5
 Borgnjor's Vile Clutch   Necr/Erth      0%         N/A       100%        5
 Eringya's Noxious Bog    Tmut/Pois      0%         N/A       100%        6
 Lehudib's Crystal Spear  Conj/Erth      0%         10d2      100%        8
 Swiftness                Air            Unusable   N/A       N/A         3

Inventory:

Hand Weapons
 a - a +0 flail
 b - a +2 morningstar of protection (weapon)
   (You found it on level 5 of the Dungeon)
 A - a +0 giant spiked club
   (You took it off an ogre on level 7 of the Dungeon)
 G - a +0 giant club
   (You took it off a two-headed ogre on level 8 of the Dungeon)
 H - a +0 dire flail
   (You took it off a two-headed ogre on level 8 of the Dungeon)
Missiles
 c - 3 throwing nets
 d - a javelin
Armour
 o - a +0 plate armour
   (You found it on level 2 of the Dungeon)
 p - a +2 scale mail of positive energy
   (You found it on level 5 of the Dungeon)
 q - a scarf of resistance (worn)
   (You found it on level 5 of the Dungeon)
 w - a +1 chain mail of fire resistance (worn)
   (You found it on level 6 of the Dungeon)
 N - a +2 cloak of poison resistance
   (You took it off Maurice on level 11 of the Dungeon)
 P - the +2 pair of gloves of Context (worn) {rElec rPois}
   (You found it on level 8 of the Dungeon)

   rElec:     It insulates you from electricity.
   rPois:     It protects you from poison.
Jewellery
 f - a ring of magical power
   (You took it off a hobgoblin on level 1 of the Dungeon)
 j - a ring of magical power
   (You found it on level 2 of the Dungeon)
 n - a +6 ring of strength (left hand)
   (You found it on level 2 of the Dungeon)
 r - a +6 ring of strength (right hand)
   (You found it on level 5 of the Dungeon)
 B - an amulet of the acrobat (around neck)
   (You took it off an orc on level 8 of the Dungeon)
 I - a ring of flight
   (You found it on level 9 of the Dungeon)
Wands
 s - a wand of mindburst (4) (quivered)
   (You took it off Maurice on level 11 of the Dungeon)
 v - a wand of paralysis (9)
   (You found it on level 5 of the Dungeon)
 C - a wand of flame (25)
   (You found it on level 8 of the Dungeon)
 F - a wand of digging (4)
   (You found it on level 9 of the Dungeon)
 L - a wand of polymorph (4)
   (You found it on level 11 of the Dungeon)
Scrolls
 h - a scroll of fog
 l - 2 scrolls of enchant armour
 m - a scroll of identify
 u - a scroll of summoning
 y - 3 scrolls of enchant weapon
 E - a scroll of fear
 J - a scroll of immolation
 O - 2 scrolls of amnesia
Potions
 e - 3 potions of brilliance
 g - 2 potions of magic
 i - 2 potions of attraction
 t - 4 potions of curing
 x - a potion of invisibility
 z - a potion of mutation
 D - 2 potions of ambrosia
 M - 5 potions of lignification

Dungeon Overview and Level Annotations

Branches:
Dungeon (11/15) Zot: 24401  Temple (1/1) D:4 Zot: 5829    Lair (0/5) D:11
    Orc (2/2) D:10 Zot: 11039     Elf (0/3) Orc:2

Altars:
Ashenzari
Cheibriados
Dithmenos
Elyvilon
Fedhas
Gozag
Hepliaklqana
Kikubaaqudgha
Makhleb
Nemelex Xobeh
Okawaru
Qazlal
Ru
Sif Muna
Trog
Uskayaw
Vehumet
Wu Jian
Xom
Yredelemnul
Zin
The Shining One

Shops:
D:1 ?   D:7 *

Annotations:
D:4 2 runed translucent doors, Newt's ghost, novice KoHu
D:10 3 runed translucent doors, cforsyth's ghost, novice DEEE; holysushi's ghost, journeyman DsMo
D:11 1 runed translucent door, FexLirch's ghost, journeyman OpTm

####..).Z..#
##.#.ZZ.)####
#.....o###
##>.....####
###.....#.# {
##.......# ##........#
{ ##.........#
#........@.# {
##.........##
###........## {
######.......#
##..###..^.....#
#....#...........
##................
#### #...#............
##..####..............


You could see an orc knight (ally target), a friendly orc zombie and a friendly
orc priest zombie.


Message History

😱 HP[+1]
Your warg zombie bites the orc knight.
Your orc warrior zombie closely misses the orc knight.
The orc knight hits your orc warrior zombie with a +0 halberd!
Your orc zombie completely misses the orc knight.
Your warg zombie bites the orc knight!
Your orc priest zombie closely misses the orc knight.
Your orc zombie barely misses the orc knight.
Your orc warrior zombie hits the orc knight but does no damage.
The orc knight hits your orc warrior zombie with a +0 halberd!
Your orc warrior zombie is destroyed!
You can no longer trade souls for undead servants. 😱 HP[+1]
Your warg zombie bites the orc knight but does no damage.
Your orc zombie hits the orc knight but does no damage.
Your orc priest zombie hits the orc knight but does no damage.
Your orc zombie misses the orc knight.
The orc knight unwields a +0 halberd.
The orc knight wields a +0 arbalest.
The orc knight shoots a bolt.
The bolt hits your orc zombie!!
Your orc zombie is destroyed!
Your warg zombie bites the orc knight.
Unknown command.
Your orc zombie hits the orc knight but does no damage.
Your orc priest zombie barely misses the orc knight.
Your warg zombie bites the orc knight.
The orc knight shoots a bolt.
The bolt completely misses you.
Unknown command. 😱 HP[+1]
Something hits your warg zombie!!
Your warg zombie is destroyed! 😱 HP[+1]
Your orc zombie hits the orc knight but does no damage.
Your orc priest zombie closely misses the orc knight.
Throw: 5 throwing nets
Press: ? - help, Q - select action, (/) - cycle Shift-Dir - straight line, f - orc knight
Aim: an orc knight, wielding a +0 halberd and wearing a +0 plate armour (almost dead, ally target, 67% to hit)
You throw a throwing net. The throwing net hits the orc knight.
The orc knight is caught in the net!
The orc knight struggles against the net.
Your orc zombie hits the orc knight but does no damage.
Your orc priest zombie hits the orc knight but does no damage. 😱 HP[+1] Unknown command.
The orc knight struggles against the net.
Your orc zombie hits the orc knight but does no damage.
The orc knight struggles against the net.
Your orc priest zombie hits the orc knight but does no damage.
There are no items here.
The orc knight struggles against the net.
Your orc zombie barely misses the orc knight.
Your orc priest zombie hits the orc knight but does no damage. 😱 HP[+1]
The orc knight struggles against the net.
The net rips apart, and the orc knight comes free!
Your orc zombie barely misses the orc knight.
Your orc priest zombie misses the orc knight.
Throw: 4 throwing nets
Press: ? - help, Q - select action, (/) - cycle Shift-Dir - straight line, f/p - orc knight
Aim: an orc knight, wielding a +0 halberd and wearing a +0 plate armour (almost dead, not watching you, ally target, 67% to hit)
You throw a throwing net. The throwing net hits the orc knight.
The orc knight is caught in the net!
The orc knight struggles against the net.
Your orc priest zombie barely misses the orc knight.
Your orc zombie hits the orc knight but does no damage. 😱 HP[+1] Unknown command.
The orc knight struggles against the net.
Your orc zombie hits the orc knight but does no damage.
Your orc priest zombie hits the orc knight but does no damage.
The orc knight struggles against the net.
The orc knight struggles against the net.
Your orc zombie hits the orc knight but does no damage.
Your orc priest zombie hits the orc knight but does no damage. 😱 HP[+1]
The orc knight struggles against the net.
Your orc priest zombie hits the orc knight but does no damage.
Your orc zombie hits the orc knight but does no damage.
The orc knight struggles against the net.
The net rips apart, and the orc knight comes free!
Your orc priest zombie barely misses the orc knight.
Your orc zombie hits the orc knight but does no damage. 😱 HP[+1]
Aiming: Mindburst
Press: ? - help, Q - select action, (/) - cycle Shift-Dir - straight line, f/p - orc knight
Aim: an orc knight, wielding a +0 halberd and wearing a +0 plate armour (almost dead, not watching you, ally target, chance to affect: 47%)
The orc knight resists with some effort.
The orc knight unwields a +0 halberd.
The orc knight wields a +0 arbalest.
The orc knight shoots a bolt.
The bolt hits you!
* * * LOW HITPOINT WARNING * * *
😱 HP[-7]
You take 7 damage, and now have 5/116 hp.
Aiming: Mindburst
Press: ? - help, Q - select action, (/) - cycle Shift-Dir - straight line, f/p - orc knight
Aim: an orc knight, wielding a +0 arbalest and wearing a +0 plate armour (almost dead, ally target, chance to affect: 47%)
The orc knight's mind is blasted.
Your orc zombie barely misses the orc knight.
Your orc priest zombie barely misses the orc knight.
The orc knight shoots a bolt.
The bolt hits you!
You die...
Your body rises from the dead as a mindless zombie.

Skill      XL: |  1  2  3  4  5  6  7  8  9 10 11 12 13 |
---------------+----------------------------------------+-----
Maces & Flails | 4 5 6 7 8 |  8.1
Armour         | 2 5 8 10 12 14 15 | 15.1
Fighting       | 3 5 8 10 12 14 15 | 15.3
Throwing       | |  2.0
Dodging        | |  2.6

Action                     |  1- 3 |  4- 6 |  7- 9 | 10-12 | 13-15 || total
---------------------------+-------+-------+-------+-------+-------++-------
  Melee: Flail             |    98 |   204 |    35 |       |       ||   337
         Punch             |       |     2 |     4 |     5 |     3 ||    14
         Morningstar       |       |       |   156 |   540 |   127 ||   823
  Throw: Throwing net      |       |       |       |       |     2 ||     2
 Invoke: Dark Bargain      |       |       |       |     1 |       ||     1
Ability: Dig               |       |       |     1 |     1 |       ||     2
  Evoke: Wand              |       |       |       |       |     2 ||     2
    Use: Scroll            |     4 |     1 |    11 |     5 |       ||    21
         Potion            |       |       |     2 |     3 |     1 ||     6
   Stab: Distracted        |     1 |       |     2 |     5 |     1 ||     9
         Sleeping          |       |     1 |       |       |       ||     1
 Armour: Leather armour    |    32 |    56 |     3 |       |       ||    91
         Scale mail        |       |       |    36 |       |       ||    36
         Chain mail        |       |       |   116 |   438 |    86 ||   640
         Skin              |       |       |       |    52 |       ||    52
  Dodge: Dodged            |    82 |   143 |   154 |   397 |   111 ||   887

Levels and vault maps discovered:
D:1:      lightli_arrival_statuegarden, layout_rooms, serial_shops,
          nicolae_shop_stone
D:2:      minmay_evil_eye, layout_rooms,
          hellmonk_ecumenical_altar_pennies_from_heaven
D:3:      layout_rooms, chequers_temple_overflow_statue_of_worship,
          serial_corexii_hall, corexii_hall_statues_i,
          chequers_hall_statues_corner_a
D:4:      layout_loops_corners, nicolae_dithmenos_the_darkroom,
          minmay_temple_entry_mist, ebering_ghost_disaster_area,
          guppyfry_early_lair_pool
D:5:      layout_basic, hangedman_decor_clover_reticule
D:6:      layout_gridville, kennysheep_mini_moat, lightli_minifort
D:7:      minmay_razor_zed, layout_basic, mainiacjoe_overflow_alcove_1,
          kennysheep_vampire_church, nicolae_overflow_two_pavilions,
          nicolae_elyvilon_peaceful_grove, serial_shops, shop, uniq_menkaure
D:8:      minmay_imperfect_grid, layout_basic, columned_hall_lemuel,
          corexii_corridor_pit, uniq_joseph
D:9:      layout_layer_cave, lemuel_doored_altar, pf_just_have_faith,
          vehumet_altar_wand_db, mainiacjoe_overflow_boulevard
D:10:     layout_cave_pods, orc_0_dummy, gammafunk_ghost_cemetery,
          chequers_serial_rivers_small_a, grunt_ministairs_9
D:11:     layout_rooms, david_lair_generic, special_room [special_room_orc],
          ebering_ghost_xom, yredelemnul_forgotten_temple_becter, uniq_erica,
          uniq_maurice
Temple:   nicolae_temple_godpark
Orc:1:    layout_diamond_mine, uniq_josephine
Orc:2:    grunt_orc_tribal_feast, layout_diamond_mine, lemuel_statue_altar,
          nicolae_orc_rockfall, minmay_orc_temple_b

Notes
Turn   | Place    | Note
-------+----------+-------------------------------------------
     0 | D:1      | ytrimaz the Formicid Gladiator began the quest for the Orb.
     0 | D:1      | Reached XP level 1. HP: 16/16 MP: 1/1
     0 | D:1      | magus.rc [v1.9.6]
    80 | D:1      | HP: 4/16 [hobgoblin (4)]
    83 | D:1      | HP: 1/16 [hobgoblin (1)]
    85 | D:1      | Reached XP level 2. HP: 2/22 MP: 2/2
   278 | D:1      | Reached skill level 4 in Maces & Flails
   278 | D:1      | Reached XP level 3. HP: 23/27 MP: 3/3
   316 | D:1      | You pick up a book of Party Tricks and begin reading...
   316 | D:1      | You add the spells Apportation and Alistair's Intoxication
                  | to your library.
   581 | D:1      | Found Eril's Magic Scroll Boutique.
   744 | D:2      | Reached XP level 4. HP: 15/33 MP: 4/4
   954 | D:2      | Reached skill level 5 in Maces & Flails
  1027 | D:2      | Found a faded altar of an unknown god.
  1181 | D:2      | Reached XP level 5. HP: 32/38 MP: 5/5
  1864 | D:3      | Found a glowing silver altar of Zin.
  1867 | D:3      | Found a basalt altar of Yredelemnul.
  1868 | D:3      | Found an ornate altar of the Wu Jian Council.
  2059 | D:3      | Became a worshipper of Yredelemnul the Dark
  2129 | D:4      | Found a staircase to the Ecumenical Temple.
  2139 | D:4      | Reached skill level 6 in Maces & Flails
  2139 | D:4      | Reached XP level 6. HP: 44/44 MP: 6/6
  2159 | D:4      | Reached * piety under Yredelemnul
  2176 | D:4      | Found a large runed translucent door.
  2176 | D:4      | Found a large runed translucent door.
  2177 | D:4      | Noticed Newt's ghost (novice KoHu)
  2455 | D:4      | Reached ** piety under Yredelemnul
  2672 | D:4      | magus.rc [v1.9.6]
  2851 | D:4      | Found a shadowy altar of Dithmenos.
  2866 | D:4      | Noticed a black bear
  2873 | D:4      | Killed a black bear
  2874 | D:4      | Reached skill level 7 in Maces & Flails
  2874 | D:4      | Reached XP level 7. HP: 31/50 MP: 7/7
  3357 | Temple   | Entered the Ecumenical Temple
  3530 | D:5      | Entered Level 5 of the Dungeon
  3679 | D:5      | Reached skill level 1 in Armour
  3690 | D:5      | You pick up a book of Armaments and begin reading...
  3690 | D:5      | You add the spells Stone Arrow, Animate Armour and
                  | Lehudib's Crystal Spear to your library.
  3810 | D:5      | Reached skill level 3 in Fighting
  3810 | D:5      | Reached skill level 2 in Armour
  3998 | D:5      | Reached skill level 8 in Maces & Flails
  3998 | D:5      | Reached XP level 8. HP: 58/59 MP: 8/8
  4454 | D:5      | Reached skill level 4 in Fighting
  4454 | D:5      | Reached skill level 3 in Armour
  4721 | D:6      | Reached skill level 4 in Armour
  4911 | D:6      | Found an opulent altar of Gozag.
  5073 | D:6      | Reached skill level 5 in Fighting
  5487 | D:7      | Reached skill level 5 in Armour
  5499 | D:7      | Reached XP level 9. HP: 62/69 MP: 9/9
  5507 | D:7      | Reached skill level 6 in Fighting
  5597 | D:7      | Reached skill level 6 in Armour
  5651 | D:7      | Found a stormy altar of Qazlal.
  5651 | D:7      | Found a bloodstained altar of Trog.
  5700 | D:7      | Found a broken altar of Ashenzari.
  5728 | D:7      | Found a white marble altar of Elyvilon.
  5758 | D:7      | Noticed Menkaure
  5763 | D:7      | Killed Menkaure
  5764 | D:7      | Reached skill level 7 in Fighting
  5786 | D:7      | Found Zegiath's General Store.
  5795 | D:7      | Bought a potion of heal wounds for 80 gold pieces
  5795 | D:7      | Bought a potion of mutation for 128 gold pieces
  5795 | D:7      | Bought a scroll of enchant weapon for 120 gold pieces
  5833 | D:7      | Found an ancient bone altar of Kikubaaqudgha.
  5902 | D:7      | Reached skill level 7 in Armour
  5905 | D:7      | Reached *** piety under Yredelemnul
  6090 | D:7      | Reached **** piety under Yredelemnul
  6094 | D:7      | HP: 12/74 [gnoll sergeant/+0 trident (8)]
  6106 | D:7      | HP: 14/74 [gnoll sergeant/+0 trident (6)]
  6109 | D:7      | Reached skill level 8 in Fighting
  6292 | D:7      | Reached skill level 8 in Armour
  6471 | D:7      | Reached XP level 10. HP: 79/82 MP: 10/10
  6701 | D:8      | Noticed a two-headed ogre
  6851 | D:8      | Reached skill level 9 in Fighting
  6876 | D:8      | Reached skill level 9 in Armour
  7024 | D:8      | Noticed Joseph
  7036 | D:8      | Killed Joseph
  7037 | D:8      | Reached skill level 10 in Fighting
  7153 | D:8      | Noticed a two-headed ogre
  7160 | D:8      | Killed a two-headed ogre
  7161 | D:8      | Reached skill level 10 in Armour
  7233 | D:8      | Reached ***** piety under Yredelemnul
  7233 | D:8      | Reached XP level 11. HP: 27/92 MP: 11/11
  7237 | D:8      | Noticed a centaur warrior
  7251 | D:8      | HP: 23/92 [centaur warrior (10)]
  7255 | D:8      | Killed a centaur warrior
  7256 | D:8      | Reached skill level 11 in Fighting
  7256 | D:8      | Your ally Joseph died
  7258 | D:8      | HP: 19/93 [orc/+0 club (1)]
  7262 | D:8      | Noticed a two-headed ogre
  7292 | D:8      | HP: 23/93 [poisoned by a hornet]
  7297 | D:7      | HP: 25/139 [poisoned by a hornet]
  7301 | D:7      | Reached skill level 11 in Armour
  7650 | D:8      | Identified a scroll of acquirement
  7655 | D:8      | You pick up a book of Burglary and begin reading...
  7655 | D:8      | You add the spells Passwall and Ensorcelled Hibernation to
                  | your library.
  7658 | D:8      | You add the spells Borgnjor's Vile Clutch and Eringya's
                  | Noxious Bog to your library.
  7666 | D:8      | You pick up a book of Minor Magic and begin reading...
  7666 | D:8      | You add the spells Magic Dart, Call Imp and Mephitic Cloud
                  | to your library.
  7729 | D:8      | You pick up a book of Dreams and begin reading...
  7729 | D:8      | You add the spells Spider Form and Anguish to your library.
  7842 | D:8      | Killed a two-headed ogre
  8018 | D:8      | Identified the +2 pair of gloves of Context {rElec rPois}
  8182 | D:8      | Killed a two-headed ogre
  8183 | D:8      | Reached skill level 12 in Fighting
  8467 | D:8      | Acquired 865 gold pieces
  8513 | D:9      | Found a radiant altar of Vehumet.
  8573 | D:9      | Found a shimmering blue altar of Sif Muna.
  8594 | D:9      | Reached skill level 12 in Armour
  9039 | D:9      | Found a hide-covered altar of Uskayaw.
  9244 | D:9      | Found a sparkling altar of Nemelex Xobeh.
 10139 | D:10     | Entered Level 10 of the Dungeon
 10347 | D:10     | Found a staircase to the Orcish Mines.
 10717 | D:10     | Found a runed translucent gate.
 10717 | D:10     | Found a runed translucent gate.
 10717 | D:10     | Found a runed translucent gate.
 10925 | D:10     | Reached XP level 12. HP: 101/103 MP: 12/12
 10947 | D:10     | Reached skill level 13 in Fighting
 11126 | D:10     | Noticed cforsyth's ghost (novice DEEE)
 11126 | D:10     | Noticed holysushi's ghost (journeyman DsMo)
 11427 | D:11     | Reached skill level 13 in Armour
 11769 | D:11     | Noticed a centaur warrior
 11791 | D:11     | Killed a centaur warrior
 11935 | D:11     | Found a staircase to the Lair.
 11936 | D:11     | Noticed Erica
 12075 | D:11     | Identified the +6 falchion of the Unseen Realm {pain, rPois
                  | Stlth+}
 12107 | D:11     | HP: 22/106 [Erica/lance of force (26)]
 12117 | D:11     | Killed Erica
 12130 | D:11     | Reached skill level 14 in Fighting
 12398 | D:11     | Reached skill level 14 in Armour
 12483 | D:11     | Noticed a two-headed ogre
 12484 | D:11     | Noticed Maurice
 12488 | D:11     | Killed a two-headed ogre
 12524 | D:11     | Killed Maurice
 12736 | D:11     | Found a runed translucent door.
 12747 | D:11     | Found a shimmering altar of Xom.
 12747 | D:11     | Noticed FexLirch's ghost (journeyman OpTm)
 12747 | D:11     | Noticed a +0 trident of chaos
 13040 | D:11     | Found a basalt altar of Yredelemnul.
 13095 | D:11     | Noticed a two-headed ogre
 13103 | D:11     | Killed a two-headed ogre
 13104 | D:11     | Reached XP level 13. HP: 50/114 MP: 13/13
 13515 | Orc:1    | Entered Level 1 of the Orcish Mines
 13515 | Orc:1    | Noticed Josephine
 13522 | D:10     | Killed Josephine
 13540 | D:10     | Reached skill level 15 in Fighting
 13946 | Orc:1    | Reached skill level 15 in Armour
 14165 | Orc:2    | Entered Level 2 of the Orcish Mines
 14165 | Orc:2    | Found a radiant altar of Vehumet.
 14645 | Orc:2    | Found a staircase to the Elven Halls.
 14667 | Orc:2    | HP: 20/116 [orc knight/+0 halberd (17)]
 14673 | Orc:2    | HP: 3/116 [orc knight/+0 halberd (12)]
 14696 | Orc:2    | HP: 5/116 [orc knight/bolt (7)]
 14697 | Orc:2    | Shot with a bolt by an orc knight

Vanquished Creatures
  Josephine (D:10)
  2 centaur warriors
  Erica (D:11)
  4 two-headed ogres
  An orc knight (Orc:1)
  An ugly thing (D:11)
  2 manticores (D:11)
  Joseph (D:8)
  An elephant (D:11)
  2 gargoyles (D:11)
  2 kobold demonologists (D:11)
  A troll (D:10)
  A hornet (D:7)
  3 slime creatures (D:10)
  5 wraiths
  3 wyverns
  12 yaks
  2 steam dragons (D:8)
  Menkaure (D:7)
  2 wargs (Orc:2)
  A water moccasin (D:8)
  2 acid dragons (D:8)
  2 sky beasts (D:7)
  An ogre (Orc:1)
  2 black bears
  17 orc warriors
  A phantom (D:6)
  16 centaurs
  5 kobold brigands
  6 bullfrogs
  4 gnoll sergeants
  3 scorpions
  4 wights
  6 killer bees (D:9)
  2 howler monkeys
  2 vampire bats (D:7)
  3 gnoll boudas
  9 orc priests
  A jelly (D:4)
  A hound (D:5)
  A sleepcap (D:5)
  9 orc wizards
  5 iguanas
  11 adders
  11 gnolls
  A shadow imp (D:7)
  4 white imps
  An ufetubus (D:7)
  2 worms (D:2)
  2 dart slugs
  66 orcs
  3 bat skeletons (D:7)
  2 bat zombies (D:7)
  7 endoplasms
  8 giant cockroaches
  8 goblins
  7 hobgoblins
  13 jackals
  8 quokkas
  10 ball pythons
  6 bats
  4 frilled lizards
  25 kobolds
  5 rats
355 creatures vanquished.

Vanquished Creatures (collateral kills)
  A two-headed ogre (D:8)
  Maurice (D:11)
  A troll (Orc:2)
  A wyvern (D:7)
  5 yaks
  An acid dragon (D:10)
  2 black bears
  An orc warrior (D:10)
  A sky beast (D:8)
  An ogre (D:7)
  A vampire bat (D:7)
  A howler monkey (D:8)
  A hound (D:7)
  A gnoll (D:9)
  An ufetubus (D:5)
  15 orcs
  A bat skeleton (D:7)
  A bat zombie (D:7)
  A goblin (D:4)
  7 kobolds
  A spectral orc (D:11)
46 creatures vanquished.

Vanquished Creatures (others)
  An elephant zombie (D:11)
  A manticore zombie (D:11)
  A wyvern zombie (D:10)
  A warg zombie (Orc:2)
  A water moccasin zombie (D:8)
  3 yak zombies (D:8)
  A howler monkey (D:8)
  4 bullfrog zombies
  4 centaur zombies
  A human zombie (D:8)
  3 orc wizards
  2 killer bee zombies (D:9)
  A sky beast zombie (D:8)
  2 acid dragon zombies
  2 ogre zombies
  An adder (D:5)
  5 gnoll zombies
  A steam dragon zombie (D:8)
  42 orc zombies
  An adder zombie (D:4)
  A jelly zombie (D:4)
  A spectral white imp (D:8)
  An orc (D:11)
  2 jackal zombies
  14 kobold zombies
  3 fungi (D:11)
  8 plants
  6 withered plants (D:10)
114 creatures vanquished.

Grand Total: 515 creatures vanquished

Table legend:
 A = Non-vault XP
 B = Vault XP
 C = Vault XP percentage of total XP
 D = Non-vault monster count
 E = Vault monster count
 F = Vault count percentage of total count
                 A         B        C        D         E       F
            +---------+---------+-------+---------+---------+-------
      Total |   18521 |   12529 |  40.4 |     291 |     112 |  27.8
            +---------+---------+-------+---------+---------+-------
        D:1 |      60 |       0 |   0.0 |      34 |       0 |   0.0
        D:2 |      77 |      11 |  12.5 |      22 |       4 |  15.4
        D:3 |      42 |       0 |   0.0 |      22 |       0 |   0.0
        D:4 |     339 |      39 |  10.3 |      19 |       3 |  13.6
        D:5 |     665 |       0 |   0.0 |      16 |       0 |   0.0
        D:6 |     402 |     130 |  24.4 |      10 |       4 |  28.6
        D:7 |     925 |    1602 |  63.4 |      19 |      23 |  54.8
        D:8 |    1553 |    5526 |  78.1 |      17 |      31 |  64.6
        D:9 |    2351 |       1 |   0.0 |      45 |       1 |   2.2
       D:10 |    2076 |    1908 |  47.9 |      22 |       8 |  26.7
       D:11 |    7841 |    2725 |  25.8 |      35 |      34 |  49.3
      Orc:1 |    1141 |     407 |  26.3 |      13 |       2 |  13.3
      Orc:2 |    1049 |     180 |  14.6 |      17 |       2 |  10.5
            +---------+---------+-------+---------+---------+-------

Illustrated notes

Table legend:
 A = Kills in this place as a percentage of kills in the entire game.
 B = Kills by you in this place as a percentage of kills by you in the entire game.
 C = Kills by friends in this place as a percentage of kills by friends in the entire game.
 D = Other kills in this place as a percentage of other kills in the entire game.
 E = Experience gained in this place as a percentage of experience gained in the entire game.
 F = Experience gained in this place divided by the number of levels of this place that you have seen.
                   A       B       C       D       E      F
               +-------+-------+-------+-------+-------+----------------------
         Total | 100.0 | 100.0 | 100.0 | 100.0 | 100.0 | 2217.9
       Dungeon |  91.6 |  91.3 |  93.5 | 100.0 |  91.1 | 2570.3
  Orcish Mines |   8.4 |   8.7 |   6.5 |   0.0 |   8.9 | 1388.5
               +-------+-------+-------+-------+-------+----------------------

Table legend: (Time is in decaauts)
 A = Elapsed time spent in this place.
 B = Non-inter-level travel time spent in this place.
 C = Inter-level travel time spent in this place.
 D = Time resting spent in this place.
 E = Time spent auto-exploring this place.
 F = Levels seen in this place.
 G = Mean time per level.
                   A        B        C        D        E       F      G
               +--------+--------+--------+--------+--------+-----+--------+
         Total |  16152 |  15428 |    724 |    642 |  11813 |  14 | 1153.7 |
       Dungeon |  15022 |  14330 |    692 |    642 |  10978 |  11 | 1365.6 |
        Temple |    170 |    157 |     13 |      0 |    147 |   1 |  170.0 |
  Orcish Mines |    959 |    941 |     18 |      0 |    686 |   2 |  479.5 |
               +--------+--------+--------+--------+--------+-----+--------+

Top non-repeatable levels by time:
     D:9: 2031 daAuts
    D:11: 1992 daAuts
    D:10: 1979 daAuts
     D:8: 1752 daAuts
     D:7: 1725 daAuts
     D:4: 1414 daAuts
     D:6: 1039 daAuts
     D:5: 980 daAuts
     D:1: 739 daAuts
     D:3: 702 daAuts
     D:2: 665 daAuts
   Orc:2: 618 daAuts
   Orc:1: 341 daAuts
  Temple: 170 daAuts
